 Dungeon Crawl Stone Soup version 0.30.1-4-g462c640d31 (webtiles) character file.

Game seed: 15934098343094201737

9542 FishyPogo the Martial Artist (level 11, -15/84 HPs)
             Began as a Gnoll Transmuter on Aug 20, 2023.
             Was a High Priest of Ignis.
             Demolished by an orc warrior
             ... wielding a +0 war axe
              (20 damage)
             ... in a bailey.
             The game lasted 00:50:11 (7998 turns).

FishyPogo the Martial Artist (Gnoll Transmuter)     Turns: 7998, Time: 00:50:12

Health: -15/84     AC: 15    Str:  9    XL:     11   Next: 48%
Magic:  2/23       EV: 11    Int: 20    God:    Ignis [*****.]
Gold:   129        SH:  0    Dex: 14    Spells: 8/27 levels left

rFire   + + +        a - +5 short sword "Dilyty" {spect, SInv}
rCold   . . .        (no shield)
rNeg    . . .        R - +6 scale mail "Keaca" {rF+++ Will- Int+4 Dex-2}
rPois   .            H - melded +2 helmet
rElec   .            D - +0 cloak
rCorr   .            (no gloves)
SInv    +            (boots currently unavailable)
Will    .....        I - amulet of magic regeneration
Stlth   ++           g - ring of wizardry
HPRegen 0.34/turn    K - ring of wizardry
MPRegen 0.58/turn

%: wizardry (x2)
@: appendages (expiring), radiating poison, very slightly contaminated
A: horns 2, talons 2, fangs 1, strong nose, distributed training, agile 1,
evolution 1
a: End Transformation, Renounce Religion, Fiery Armour, Foxfire Swarm, Rising
Flame


You were in a bailey.
You worshipped Ignis.
Ignis was extremely pleased with you.
You had temporarily grown beastly horns and talons.
You visited 1 branch of the dungeon, and saw 9 of its levels.
You also visited: Bailey.

You collected 399 gold pieces.
You spent 270 gold pieces at shops.

Inventory:

Hand Weapons
 a - the +5 short sword "Dilyty" (weapon) {spect, SInv}
   (You found it on level 9 of the Dungeon)

   SInv:      It lets you see invisible.
Missiles
 h - 4 stones
 j - a curare-tipped dart
 n - 17 poisoned darts
 p - 6 atropa-tipped darts
 t - 7 boomerangs
 v - 5 javelins
Armour
 o - a +2 kite shield
 z - a +0 chain mail of poison resistance
 D - a +0 cloak (worn)
 H - a +2 helmet (melded)
 R - the +6 scale mail "Keaca" (worn) {rF+++ Will- Int+4 Dex-2}
   (You bought it in a shop on level 4 of the Dungeon)

   Int:       It affects your intelligence (+4).
   Dex:       It affects your dexterity (-2).
   rF:        It renders you almost immune to fire.
   Will:      It decreases your willpower.
Magical Staves
 b - a staff of poison
 u - a staff of cold
 V - a staff of conjuration
Jewellery
 f - a ring of flight
 g - a ring of wizardry (left hand)
 y - a +6 ring of strength
 I - an amulet of magic regeneration (around neck)
 K - a ring of wizardry (right hand)
Wands
 B - a wand of flame (27)
 F - a wand of mindburst (13)
 G - a wand of iceblast (21)
 M - a wand of quicksilver (7)
 T - a wand of polymorph (8)
Scrolls
 c - 5 scrolls of vulnerability
 d - 4 scrolls of identify
 e - a scroll of poison
 k - 3 scrolls of fear
 l - 2 scrolls of brand weapon {unknown}
 m - 4 scrolls of teleportation
 q - a scroll of immolation
 r - 7 scrolls of fog {unknown}
 w - 3 scrolls of enchant weapon
 C - a scroll of summoning {unknown}
 E - 2 scrolls of blinking
 O - 2 scrolls of noise {unknown}
 Q - a scroll of enchant armour {unknown}
Potions
 i - a potion of invisibility
 s - a potion of curing
 x - 2 potions of experience
 A - 3 potions of attraction
 J - a potion of flight {unknown}
 L - 6 potions of degeneration
 N - a potion of might
 S - a potion of berserk rage {unknown}
 U - 3 potions of lignification


   Skills:
 + Level 7.4 Fighting
 + Level 6.8 Short Blades
 + Level 6.8 Long Blades
 + Level 6.8 Axes
 + Level 6.8 Maces & Flails
 + Level 6.8 Polearms
 + Level 6.8 Staves
 + Level 6.8 Ranged Weapons
 + Level 6.8 Throwing
 + Level 6.8 Armour
 + Level 8.3 Dodging
 + Level 6.8 Stealth
 + Level 6.8 Shields
 + Level 9.5 Unarmed Combat
 + Level 8.6 Spellcasting
 + Level 5.6 Conjurations
 + Level 5.6 Hexes
 + Level 5.6 Summonings
 + Level 5.6 Necromancy
 + Level 5.6 Translocations
 + Level 6.9 Transmutations
 + Level 5.6 Fire Magic
 + Level 5.6 Ice Magic
 + Level 5.6 Air Magic
 + Level 5.6 Earth Magic
 + Level 5.6 Poison Magic
 + Level 7.5 Invocations
 + Level 6.8 Evocations


You had 8 spell levels left.
You knew the following spells:

 Your Spells              Type           Power      Damage    Failure   Level
a - Sting                 Tmut/Pois      100%       1d8       1%          1
b - Wereblood             Tmut           36%        N/A       1%          2
c - Spider Form           Tmut/Pois      33%        N/A       3%          3
d - Poisonous Vapours     Pois/Air       62%        N/A       1%          2
e - Searing Ray           Conj           62%        2d6       1%          2
k - Olgreb's Toxic Radia  Pois           31%        N/A       13%         4
l - Beastly Appendage     Tmut           72%        N/A       1%          1
K - Ice Form              Ice/Tmut       33%        N/A       11%         4

Your spell library contained the following spells:

 Spells                   Type           Power      Damage    Failure   Level
 Foxfire                  Conj/Fire      100%       2x1d9     1%          1
 Magic Dart               Conj           100%       1d8       1%          1
 Fulminant Prism          Conj/Hex       15%        3d11      13%         4
 Fireball                 Conj/Fire      15%        3d8       32%         5
 Summon Forest            Summ/Tloc      15%        N/A       32%         5
 Eringya's Noxious Bog    Tmut/Pois      16%        N/A       78%         6
 Plasma Beam              Fire/Air       15%        2x1d29    83%         6
 Starburst                Conj/Fire      15%        6d6       83%         6
 Summon Hydra             Summ           15%        N/A       100%        7


Dungeon Overview and Level Annotations

Branches:
Dungeon (9/15)             Temple (0/1) D:4             Orc (0/2) D:9
 Bailey (1/1)
   Lair: D:8-11

Altars:
Ashenzari
Elyvilon
Hepliaklqana
Nemelex Xobeh
Qazlal
Yredelemnul
Zin
The Shining One
Ignis

Shops:
D:4 [   D:7 *   D:8 [


Innate Abilities, Weirdness & Mutations

You have temporarily grown beastly horns and talons.
You have very sharp teeth.
Your uncanny sense of smell can sniff out nearby items.
Your experience applies equally to all skills.
You are agile. (Dex +4, Str/Int -1)
You have hidden genetic potential.


Message History

The orc warlord hits your +5 short sword "Dilyty" {spect, SInv} with a +6 battleaxe.
Your spectral weapon shares its damage with you!
You closely miss the orc warlord.
The orc warlord is severely wounded.
Your +5 short sword "Dilyty" {spect, SInv} hits the orc warlord but does no damage.
You kill the orc!
The orc warlord hits you with a +6 battleaxe.
The orc warlord misses your +5 short sword "Dilyty" {spect, SInv}.
Casting: Olgreb's Toxic Radiance (dangerous; 13% risk of failure)
Confirm with . or Enter, or press ? or * to list all spells.
You begin to radiate toxic energy.
Your +5 short sword "Dilyty" {spect, SInv} disappears.
The orc warlord looks as sick as possible!
The orc warrior looks even sicker.
The orc warlord hits you with a +6 battleaxe!
You hit the orc warlord but do no damage.
You claw the orc warlord, but do no damage.
You bite the orc warlord, but do no damage.
The orc warlord is severely wounded.
Your +5 short sword "Dilyty" {spect, SInv} hits the orc warlord.
Your transformation is almost over.
The orc warrior looks even sicker.
The orc warlord hits you but does no damage.
The orc warlord hits your +5 short sword "Dilyty" {spect, SInv} with a +6 battleaxe!!
Your spectral weapon shares its damage with you!
Your +5 short sword "Dilyty" {spect, SInv} disappears.
* * * LOW HITPOINT WARNING * * *
Okay, then.
You hit the orc warrior but do no damage.
The orc warrior is heavily wounded.
Unknown command.
Casting: Olgreb's Toxic Radiance (dangerous; 13% risk of failure)
Confirm with . or Enter, or press ? or * to list all spells.
Your toxic radiance grows in intensity.
The orc warlord looks as sick as possible!
The orc warrior looks as sick as possible!
The orc warlord hits you with a +6 battleaxe!!
* * * LOW HITPOINT WARNING * * *
The orc warrior hits you with a +0 war axe!!
You die...

.....###.........##
......#...........#
.)....')..........#
⌠.....#.).).⌠.....#
......#...........#
.)....#...........#
.....###.........###
...###.###.)...#)#.###
.###
...###.###@)...### ##∆
.... ###.oo).....##
#∆∆ .g...
#8..........# #∆∆
......#8)...).....#
#∆∆
o.....).....)....∩#
#∆∆
......#8...)).....#
#∆∆
.go..##8..........#
##∆
...))###.........##
)###
...###.###.....###


You could see an orc warlord (extremely poisoned) and an orc warrior (strong,
extremely poisoned).

Vanquished Creatures
  An orc knight (Bailey)
  A kobold demonologist (D:9)
  A hornet (D:7)
  Grinder (D:6)
  A shadow (D:9)
  Eustachio (D:5)
  A steam dragon (D:8)
  A water moccasin (D:7)
  A warg (D:9)
  Duvessa (D:4)
  A swamp drake (D:9)
  An ice beast (D:8)
  A sky beast (D:8)
  13 orc warriors
  2 ogres (D:5)
  A phantom (D:4)
  2 centaurs
  2 kobold brigands (D:9)
  Blork the orc (D:4)
  A bullfrog (D:7)
  A wyvern zombie (D:8)
  3 scorpions
  12 wights (D:7)
  Dowan (D:4)
  A howler monkey (D:9)
  A jelly (D:6)
  7 orc priests
  Crazy Yiuf (D:6)
  3 hounds
  A gnoll bouda (D:4)
  4 iguanas
  A sleepcap (D:5)
  7 orc wizards
  A killer bee zombie (D:8)
  19 gnolls
  7 adders
  2 white imps
  An ufetubus (D:5)
  A worm (D:2)
  2 dart slugs (D:1)
  41 orcs
  8 endoplasms
  A giant cockroach (D:2)
  19 goblins
  13 hobgoblins
  21 kobolds
  A quokka (D:4)
  3 ball pythons
  10 bats
  3 frilled lizards
  5 rats
236 creatures vanquished.

Vanquished Creatures (others)
  3 spectral weapons (Bailey)
3 creatures vanquished.

Grand Total: 239 creatures vanquished

Notes
Turn   | Place    | Note
-------+----------+-------------------------------------------
     0 | D:1      | FishyPogo the Gnoll Transmuter began the quest for the Orb.
     0 | D:1      | Reached XP level 1. HP: 17/17 MP: 6/6
    52 | D:1      | Found a faded altar of an unknown god.
    64 | D:1      | Got Plato's Verses on Configuration
    65 | D:1      | Prayed at the altar of an unknown god.
    65 | D:1      | Became a worshipper of Ignis, the Dying Flame
    76 | D:1      | Learned a level 1 spell: Sting
   203 | D:1      | Reached XP level 2. HP: 23/23 MP: 4/7
   206 | D:1      | Learned a level 2 spell: Wereblood
   671 | D:1      | Reached skill level 5 in Spellcasting
   671 | D:1      | Reached XP level 3. HP: 28/28 MP: 2/9
   675 | D:1      | Learned a level 3 spell: Spider Form
   969 | D:1      | Reached skill level 1 in Invocations
  1089 | D:1      | Reached skill level 1 in Short Blades
  1089 | D:1      | Reached skill level 1 in Long Blades
  1089 | D:1      | Reached skill level 1 in Axes
  1089 | D:1      | Reached skill level 1 in Maces & Flails
  1089 | D:1      | Reached skill level 1 in Polearms
  1089 | D:1      | Reached skill level 1 in Staves
  1089 | D:1      | Reached skill level 1 in Ranged Weapons
  1089 | D:1      | Reached skill level 1 in Throwing
  1089 | D:1      | Reached skill level 1 in Armour
  1089 | D:1      | Reached skill level 1 in Stealth
  1089 | D:1      | Reached skill level 1 in Shields
  1089 | D:1      | Reached skill level 1 in Evocations
  1257 | D:2      | Reached XP level 4. HP: 34/34 MP: 4/11
  1426 | D:2      | Reached skill level 1 in Conjurations
  1426 | D:2      | Reached skill level 1 in Hexes
  1426 | D:2      | Reached skill level 1 in Summonings
  1426 | D:2      | Reached skill level 1 in Necromancy
  1426 | D:2      | Reached skill level 1 in Translocations
  1426 | D:2      | Reached skill level 1 in Fire Magic
  1426 | D:2      | Reached skill level 1 in Ice Magic
  1426 | D:2      | Reached skill level 1 in Air Magic
  1426 | D:2      | Reached skill level 1 in Earth Magic
  1426 | D:2      | Reached skill level 1 in Poison Magic
  1497 | D:2      | You fall into a shaft and drop 1 floor!
  1539 | D:2      | Reached XP level 5. HP: 22/40 MP: 8/12
  1871 | D:3      | Learned a level 2 spell: Poisonous Vapours
  2094 | D:3      | Learned a level 2 spell: Searing Ray
  2425 | D:4      | Found Waemeo's Antique Armour Shoppe.
  2427 | D:4      | Noticed Blork the orc
  2445 | D:4      | Killed Blork the orc
  2446 | D:4      | Reached XP level 6. HP: 21/47 MP: 1/14
  2535 | D:4      | Reached skill level 5 in Dodging
  2737 | D:4      | Found a staircase to the Ecumenical Temple.
  2777 | D:4      | Noticed Dowan
  2781 | D:4      | Noticed Duvessa
  2794 | D:4      | Killed Duvessa
  2795 | D:4      | Reached skill level 7 in Unarmed Combat
  2795 | D:4      | Reached XP level 7. HP: 9/52 MP: 5/15
  2797 | D:4      | Killed Dowan
  3249 | D:5      | Entered Level 5 of the Dungeon
  3874 | D:5      | Noticed Eustachio
  3884 | D:5      | Killed Eustachio
  3885 | D:5      | Reached XP level 8. HP: 48/60 MP: 5/16
  4001 | D:5      | Found a sparkling altar of Nemelex Xobeh.
  4323 | D:5      | Found a stormy altar of Qazlal.
  4327 | D:5      | Noticed a water elemental
  4327 | D:5      | Noticed an air elemental
  4611 | D:6      | Learned a level 4 spell: Olgreb's Toxic Radiance
  4758 | D:6      | Noticed Grinder
  4760 | D:6      | Paralysed by Grinder for 2 turns
  4778 | D:6      | Killed Grinder
  4832 | D:6      | Found a hazy altar of Hepliaklqana.
  4932 | D:6      | Found a runed translucent door.
  4934 | D:6      | Noticed Crazy Yiuf
  4943 | D:6      | Killed Crazy Yiuf
  5213 | D:6      | Found a broken altar of Ashenzari.
  5278 | D:7      | Reached skill level 5 in Transmutations
  5315 | D:7      | Learned a level 4 spell: Ice Form
  5534 | D:7      | Reached XP level 9. HP: 66/66 MP: 10/18
  5552 | D:7      | Noticed a hornet
  5562 | D:7      | Killed a hornet
  5563 | D:7      | Reached skill level 5 in Fighting
  5821 | D:7      | Reached skill level 8 in Unarmed Combat
  5901 | D:4      | Bought a fine scale mail for 270 gold pieces
  5901 | D:4      | Identified the +6 scale mail "Keaca" {rF+++ Will- Int+4
                  | Dex-2} (You bought it in a shop on level 4 of the Dungeon)
  6068 | D:7      | Found Lyddic's Assorted Antiques.
  6227 | D:7      | Reached skill level 5 in Invocations
  6914 | D:8      | Reached skill level 5 in Short Blades
  6914 | D:8      | Reached skill level 5 in Long Blades
  6914 | D:8      | Reached skill level 5 in Axes
  6914 | D:8      | Reached skill level 5 in Maces & Flails
  6914 | D:8      | Reached skill level 5 in Polearms
  6914 | D:8      | Reached skill level 5 in Staves
  6914 | D:8      | Reached skill level 5 in Ranged Weapons
  6914 | D:8      | Reached skill level 5 in Throwing
  6914 | D:8      | Reached skill level 5 in Armour
  6914 | D:8      | Reached skill level 5 in Stealth
  6914 | D:8      | Reached skill level 5 in Shields
  6914 | D:8      | Reached skill level 5 in Evocations
  6914 | D:8      | Reached XP level 10. HP: 74/76 MP: 16/20
  6992 | D:8      | Found Mugohis's Antique Armour Emporium.
  7044 | D:8      | Found a basalt altar of Yredelemnul.
  7224 | D:9      | Reached skill level 9 in Unarmed Combat
  7224 | D:9      | Reached skill level 5 in Conjurations
  7224 | D:9      | Reached skill level 5 in Hexes
  7224 | D:9      | Reached skill level 5 in Summonings
  7224 | D:9      | Reached skill level 5 in Necromancy
  7224 | D:9      | Reached skill level 5 in Translocations
  7224 | D:9      | Reached skill level 5 in Fire Magic
  7224 | D:9      | Reached skill level 5 in Ice Magic
  7224 | D:9      | Reached skill level 5 in Air Magic
  7224 | D:9      | Reached skill level 5 in Earth Magic
  7224 | D:9      | Reached skill level 5 in Poison Magic
  7224 | D:9      | Reached XP level 11. HP: 28/84 MP: 12/23
  7227 | D:9      | Gained mutation: You have hidden genetic potential. [potion
                  | of mutation]
  7227 | D:9      | Gained mutation: You are agile. (Dex +4, Str/Int -1)
                  | [potion of mutation]
  7325 | D:9      | Noticed a cyclops
  7349 | D:9      | Identified the +5 short sword "Dilyty" {spect, SInv}
  7514 | D:9      | Found a staircase to the Orcish Mines.
  7657 | D:9      | Found a glowing silver altar of Zin.
  7657 | D:9      | Found a white marble altar of Elyvilon.
  7659 | D:9      | Found a glowing golden altar of the Shining One.
  7669 | D:9      | Found a flagged portal.
  7686 | Bailey   | Entered a bailey
  7759 | Bailey   | Noticed an orc knight
  7776 | Bailey   | Killed an orc knight
  7963 | Bailey   | Noticed an orc warlord
  7998 | Bailey   | Demolished by an orc warrior

Illustrated notes

Levels and vault maps discovered:
D:1:      tarquinn_simple_flora_water_f, layout_loops_cross,
          shapermc_ecumenical_altar_rom_forum, minmay_heptomino_l4
D:2:      layout_rooms, grunt_decor_one_mirror, grunt_ministairs_15,
          kennysheep_generic_room_3
D:3:      layout_rooms
D:4:      layout_cave_pools, minmay_temple_entry_large_hall, serial_shops,
          nicolae_shop_temple_entry_statues_fountains, uniq_blork_the_orc,
          uniq_duvessa
D:5:      nicolae_cairo_tiling, layout_basic, nemelex_dance_club_becter,
          nicolae_qazlal_style_of_elements, uniq_eustachio
D:6:      layout_basic, ashenzari_conservatory_becter,
          nzn_hepliaklqana_mist_gate, uniq_crazy_yiuf_cottage, uniq_grinder
D:7:      layout_rooms, serial_shops, nicolae_shop_trees,
          corexii_item_surrounded_by_moat
D:8:      layout_rooms, lemuel_zombie_altar_yredelemnul, serial_shops, shop
D:9:      lemuel_castle_with_subvaults [lemuel_castle_interior_carwin_3],
          layout_stronghold, good_gods_mini_temple, grunt_dithmenos_smoke,
          erik_orc_1, enter_bailey_5, minmay_checkerbox
Bailey:   bailey_axe_minmay_hex_keep, bailey

Skill      XL: |  1  2  3  4  5  6  7  8  9 10 |
---------------+-------------------------------+-----
Spellcasting   | 5 6 7 8 |  8.6
Invocations    | 1 2 3 4 5 7 |  7.5
Short Blades   | 1 2 3 5 6 |  6.8
Long Blades    | 1 2 3 5 6 |  6.8
Axes           | 1 2 3 5 6 |  6.8
Maces & Flails | 1 2 3 5 6 |  6.8
Polearms       | 1 2 3 5 6 |  6.8
Staves         | 1 2 3 5 6 |  6.8
Ranged Weapons | 1 2 3 5 6 |  6.8
Throwing       | 1 2 3 5 6 |  6.8
Armour         | 1 2 3 5 6 |  6.8
Stealth        | 1 2 3 5 6 |  6.8
Shields        | 1 2 3 5 6 |  6.8
Evocations     | 1 2 3 5 6 |  6.8
Conjurations   | 1 2 3 4 5 |  5.6
Hexes          | 1 2 3 4 5 |  5.6
Summonings     | 1 2 3 4 5 |  5.6
Necromancy     | 1 2 3 4 5 |  5.6
Translocations | 1 2 3 4 5 |  5.6
Fire Magic     | 1 2 3 4 5 |  5.6
Ice Magic      | 1 2 3 4 5 |  5.6
Air Magic      | 1 2 3 4 5 |  5.6
Earth Magic    | 1 2 3 4 5 |  5.6
Poison Magic   | 1 2 3 4 5 |  5.6
Fighting       | 3 4 5 7 |  7.4
Transmutations | 4 5 6 |  6.9
Dodging        | 5 6 8 |  8.3
Unarmed Combat | 7 8 9 |  9.5

Action                     |  1- 3 |  4- 6 |  7- 9 | 10-12 || total
---------------------------+-------+-------+-------+-------++-------
  Melee: Unarmed           |    50 |    23 |    16 |     6 ||    95
         Bite              |     4 |     3 |    15 |    15 ||    37
         Kick              |     5 |     7 |    46 |    16 ||    74
         Punch             |     1 |     3 |     4 |     6 ||    14
         Headbutt          |     1 |     6 |    26 |     6 ||    39
         Whip              |       |    43 |   157 |       ||   200
         Staff             |       |       |     4 |    68 ||    72
         Short sword       |       |       |       |    34 ||    34
   Cast: Sting             |    38 |    40 |    54 |    19 ||   151
         Beastly Appendage |    20 |    13 |    32 |     5 ||    70
         Wereblood         |     2 |     3 |     3 |     1 ||     9
         Searing Ray       |       |     4 |     8 |     1 ||    13
         Poisonous Vapours |       |     3 |    28 |    17 ||    48
         Spider Form       |       |     1 |     1 |       ||     2
         Olgreb's Toxic Ra |       |       |     9 |    35 ||    44
         Ice Form          |       |       |     1 |       ||     1
    Use: Potion            |       |     6 |     3 |     4 ||    13
         Scroll            |       |       |     8 |     3 ||    11
   Stab: Distracted        |       |       |       |     2 ||     2
 Armour: Robe              |     8 |     4 |    19 |       ||    31
         Scale mail        |       |       |    25 |    39 ||    64
  Dodge: Dodged            |    34 |    67 |   113 |    48 ||   262
